Match 27868305
Unlisted

Match 27868305
End
Engineer Squad
Construct Barracks
Selects Advanced Infantry Battlegroup
1⁄4-ton 4x4 Truck
Riflemen Squad
Riflemen Squad
Riflemen Squad
Grenade Package
Construct Medical Station
Infantry Support Center
Selects Ammunition Storage
Construct Motor Pool
M24 Chaffee Light Tank
Selects M2A1 105mm Howitzer Emplacement
M1 Anti-tank Gun Team
M1918 Browning Automatic Rifles
Riflemen Squad
Selects Free Fire Drills
M1 Anti-tank Gun Team
Construct Tank Depot
Selects Convert to Ranger Squad
Selects Designate Assault Position
Selects Infantry Assault
Infantry Assault
M18 Hellcat Tank Destroyer
Engineer Squad
Infantry Assault
Survival Training
Riflemen Squad
Infantry Assault
Advanced Logistics
M18 Hellcat Tank Destroyer
Infantry Assault
M18 Hellcat Tank Destroyer
Infantry Assault
Engineer Squad
Riflemen Squad
M18 Hellcat Tank Destroyer
aSIISymbiosis
InSaNiedi
*Mule
FeriG
0
0

Comments sign in to comment!

No comments posted yet!